[Event "ICC tourney 2376 (15 3)"]
[Site "Internet Chess Club"]
[Date "2021.02.06"]
[Round "3"]
[White "mvarshney"]
[Black "PsychonautYogi"]
[Result "0-1"]
[ICCResult "White checkmated"]
[WhiteElo "503"]
[BlackElo "1103"]
[Opening "Four knights: Spanish variation"]
[ECO "C48"]
[NIC "KP.03"]
[Time "14:00:56"]
[PlyCount "116"]
[TimeControl "900+3"]

1. e4 e5 2. Nf3 Nf6 3. Nc3 Nc6 4. Bb5 d6 5. d3 Be7 6. Be3 O-O 7. O-O Bg4 8.
h3 Bh5 9. Qd2 Bxf3 10. gxf3 d5 11. Bxc6 bxc6 12. d4 exd4 13. Qxd4 c5 14.
Qd1 d4 15. Nb5 dxe3 16. fxe3 Qxd1 17. Raxd1 Bd6 18. Nxd6 cxd6 19. Rxd6 Rfd8
20. Rc6 Rac8 21. Ra6 Rc7 22. e5 Nd5 23. e4 Nb4 24. Ra5 Nxc2 25. Rc1 Rd2 26.
Kf1 h5 27. Ra4 Ne3+ 28. Ke1 Rxb2 29. Rc3 Ng2+ 30. Kd1 h4 31. Ra5 Nf4 32.
Rcxc5 Rxc5 33. Rxc5 Rxa2 34. Rc8+ Kh7 35. Rc7 Nxh3 36. Rxf7 Ng5 37. Rf4 Kg6
38. Rxh4 Nxf3 39. Rg4+ Kf7 40. Rf4+ Ke6 41. Rxf3 Kxe5 42. Re3 a5 43. Re2
Rxe2 44. Kxe2 Kxe4 45. Kd1 g5 46. Ke1 a4 47. Kd1 g4 48. Ke1 g3 49. Kf1 a3
50. Kg2 Kf4 51. Kf1 a2 52. Kg2 Kg4 53. Kf1 Kf3 54. Ke1 g2 55. Kd1 g1=Q+ 56.
Kd2 a1=Q 57. Kd3 Qad4+ 58. Kc2 Qgd1# { White checkmated } 0-1

[Event "ICC tourney 2376 (15 3)"]
[Site "Internet Chess Club"]
[Date "2021.02.06"]
[Round "3"]
[White "PokeyTurtle3454"]
[Black "ThatOneGuyNick"]
[Result "1-0"]
[ICCResult "Black checkmated"]
[WhiteElo "598"]
[BlackElo "1121"]
[Opening "Petrov's defense"]
[ECO "C42"]
[NIC "RG.03"]
[Time "14:00:24"]
[PlyCount "143"]
[TimeControl "900+3"]

1. e4 e5 2. Nf3 Nf6 3. Nxe5 Nc6 4. Nf3 Bc5 5. Nc3 Ng4 6. d4 Bb6 7. Be2 d6
8. O-O Bd7 9. Bg5 f6 10. Bd2 Nxd4 11. Nxd4 h5 12. Nf3 c6 13. Bf4 Bc5 14.
Bxd6 Nxf2 15. Rxf2 Bxf2+ 16. Kxf2 Qb6+ 17. Ke1 Qxb2 18. Na4 Qxa1 19. Qxa1
O-O-O 20. Qd1 Bg4 21. h3 Bxf3 22. Bxf3 Rhe8 23. Bxh5 Rxe4+ 24. Kf2 f5 25.
Nc3 Re6 26. Qd4 Rexd6 27. Qxa7 Rd2+ 28. Kg3 Rxc2 29. Qa8+ Kc7 30. Qa5+ b6
31. Qxf5 Rxc3+ 32. Kh2 Rcd3 33. Qe5+ R3d6 34. Qxg7+ R8d7 35. Qg3 Kb7 36.
Bg4 Rd8 37. Bf3 Rd3 38. Qg7+ R3d7 39. Qc3 Rd6 40. g4 Kc7 41. Qe5 Kb7 42.
Kg3 Rd3 43. Qe4 R3d6 44. h4 R8d7 45. g5 Rc7 46. h5 Rd5 47. g6 Rg5+ 48. Kh4
Rd5 49. Bg4 Rd8 50. h6 Rh8 51. Kh5 b5 52. Qe5 Rd8 53. h7 Rd5 54. Qxd5 cxd5
55. h8=Q Rc5 56. Bf3 Kc6 57. Qc8+ Kd6 58. Qxc5+ Kxc5 59. Bxd5 Kxd5 60. g7
Kc4 61. g8=Q+ Kb4 62. Qb3+ Ka5 63. a3 Kb6 64. a4 Ka7 65. Qxb5 Ka8 66. Qb1
Ka7 67. Kg5 Ka6 68. Kf5 Ka7 69. Ke5 Ka6 70. Kd5 Ka7 71. Kc6 Ka8 72. Qb7# {
Black checkmated } 1-0

[Event "ICC tourney 2376 (15 3)"]
[Site "Internet Chess Club"]
[Date "2021.02.06"]
[Round "3"]
[White "queen1234"]
[Black "Roy123"]
[Result "1-0"]
[ICCResult "Black checkmated"]
[WhiteElo "1272"]
[BlackElo "919"]
[Opening "French: Marshall variation"]
[ECO "C10"]
[NIC "FR.04"]
[Time "14:00:27"]
[PlyCount "63"]
[TimeControl "900+3"]

1. e4 e6 2. d4 d5 3. Nc3 c5 4. Nf3 Nc6 5. Be3 Qb6 6. exd5 exd5 7. Nxd5 Qd8
8. dxc5 Nf6 9. Nxf6+ Qxf6 10. c3 Be7 11. Be2 O-O 12. O-O Qg6 13. Kh1 Be6
14. Qa4 Rad8 15. Rad1 h6 16. Rxd8 Rxd8 17. a3 a6 18. h3 Qh7 19. Nd4 Nxd4
20. Bxd4 b5 21. cxb6 Qg6 22. Bf3 Qd3 23. Rd1 Qg6 24. Qxa6 Qc2 25. Qb5 g5
26. b7 Bd6 27. Bc5 Bd7 28. Qb6 Bxc5 29. Qxd8+ Kg7 30. b8=Q Bxh3 31. Qe5+
Kg6 32. Qg8# { Black checkmated } 1-0

[Event "ICC tourney 2376 (15 3)"]
[Site "Internet Chess Club"]
[Date "2021.02.06"]
[Round "3"]
[White "sherwinrasekh"]
[Black "AditiE"]
[Result "1-0"]
[ICCResult "Black forfeits on time"]
[WhiteElo "1103"]
[BlackElo "149"]
[Opening "Ruy Lopez: Berlin defense, Beverwijk variation"]
[ECO "C64"]
[NIC "RL.01"]
[Time "14:00:49"]
[PlyCount "47"]
[TimeControl "900+3"]

1. e4 e5 2. Nf3 Nc6 3. Bb5 Bc5 4. O-O Nf6 5. Re1 Ng4 6. d4 exd4 7. Nxd4
Nxd4 8. c3 Nxb5 9. Qxg4 Qf6 10. Be3 d5 11. Qe2 Bxe3 12. Qxe3 O-O 13. exd5
Bf5 14. Nd2 Bd7 15. Ne4 Qf5 16. c4 Nd6 17. b3 Nxe4 18. Qxe4 Qxe4 19. Rxe4
Bf5 20. Re7 c6 21. Rxb7 cxd5 22. cxd5 Rad8 23. Rd1 Rfe8 24. h3 { Black
forfeits on time } 1-0

[Event "ICC tourney 2376 (15 3)"]
[Site "Internet Chess Club"]
[Date "2021.02.06"]
[Round "3"]
[White "anseltrinidad"]
[Black "drippy"]
[Result "1-0"]
[ICCResult "Black resigns"]
[WhiteElo "1364"]
[BlackElo "786"]
[Opening "Sicilian: closed, 2...Nc6"]
[ECO "B23"]
[NIC "SI.44"]
[Time "14:01:11"]
[PlyCount "113"]
[TimeControl "900+3"]

1. e4 c5 2. Nc3 Nc6 3. Bb5 g6 4. Nf3 Bg7 5. O-O e6 6. b3 Nge7 7. Bb2 O-O 8.
d3 a6 9. Bxc6 dxc6 10. Rb1 b5 11. Ne2 b4 12. Qd2 Bb7 13. Qg5 h6 14. Qh4 Re8
15. Qg3 Qa5 16. Bxg7 Kxg7 17. Ra1 Qd8 18. Qe5+ Kg8 19. Qf6 Nc8 20. Qxd8
Rxd8 21. Ne5 Nd6 22. Ng3 Kg7 23. Rae1 f6 24. Nf3 Re8 25. Re3 a5 26. Nd2 a4
27. e5 fxe5 28. Rxe5 axb3 29. axb3 Ra2 30. Rc1 Ra5 31. Rce1 Kf6 32. h3 Bc8
33. R5e2 Ra2 34. Rc1 Ba6 35. Nde4+ Nxe4 36. Nxe4+ Kf7 37. Nd6+ Ke7 38. Nxe8
Bxd3 39. Rd2 Bf5 40. Ng7 Be4 41. Re2 Bd5 42. Rce1 Kf7 43. Nxe6 Bxe6 44.
Rxe6 Rxc2 45. Rxc6 Rc3 46. Rd1 Ke7 47. Rd5 Rxb3 48. Rdxc5 Rb1+ 49. Rc1 Rb2
50. Kh2 b3 51. Rb6 Kd7 52. Rc3 Rxf2 53. Rbxb3 Rf6 54. Rb7+ Kd8 55. Rcc7 g5
56. Rh7 Rg6 57. Rh8+ { Black resigns } 1-0

[Event "ICC tourney 2376 (15 3)"]
[Site "Internet Chess Club"]
[Date "2021.02.06"]
[Round "3"]
[White "mshr06"]
[Black "McEntire87"]
[Result "0-1"]
[ICCResult "White resigns"]
[WhiteElo "926"]
[BlackElo "1251"]
[Opening "Queen's pawn: London system"]
[ECO "A45"]
[NIC "QP.07"]
[Time "14:00:32"]
[PlyCount "126"]
[TimeControl "900+3"]

1. d4 Nf6 2. Bf4 g6 3. e3 Bg7 4. Nf3 O-O 5. Nbd2 d6 6. c4 Nbd7 7. Be2 Nh5
8. Bg5 h6 9. Bh4 Nhf6 10. Qc2 c5 11. d5 Ne8 12. O-O Ne5 13. Bg3 Bg4 14.
Rfe1 Nxf3+ 15. Nxf3 Nf6 16. e4 Nh5 17. Bh4 g5 18. Bg3 Nxg3 19. hxg3 Bxf3
20. Bxf3 Bd4 21. Rac1 Qb6 22. b3 Qd8 23. a3 Qd7 24. b4 b5 25. bxc5 Bxc5 26.
e5 Qc7 27. exd6 exd6 28. Re2 bxc4 29. Qxc4 Qb6 30. Qc3 Rac8 31. Qd2 f5 32.
g4 fxg4 33. Bxg4 Bxf2+ 34. Kh1 Rxc1+ 35. Qxc1 Bc5 36. Re7 Rf4 37. Re8+ Kf7
38. Bh5+ Kg7 39. Qe1 Rh4+ 40. Qxh4 gxh4 41. Re7+ Kf6 42. Rf7+ Kg5 43. Be2
Qb1+ 44. Kh2 Qg1+ 45. Kh3 Qe3+ 46. Kh2 Qxe2 47. Rg7+ Kf6 48. Rg8 Qe5+ 49.
Kh1 Qxd5 50. Rf8+ Ke7 51. Rf1 Bxa3 52. Re1+ Kd7 53. Ra1 Qc5 54. Rf1 Bb4 55.
Rf7+ Kc6 56. Rf8 Ba5 57. Rc8+ Kd5 58. Rxc5+ dxc5 59. Kh2 Kd4 60. Kh3 Kd3
61. Kxh4 c4 62. g4 c3 63. Kh5 c2 { White resigns } 0-1

[Event "ICC tourney 2376 (15 3)"]
[Site "Internet Chess Club"]
[Date "2021.02.06"]
[Round "3"]
[White "ibiwisi"]
[Black "Charris626"]
[Result "1-0"]
[ICCResult "Black resigns"]
[WhiteElo "1383"]
[BlackElo "1001"]
[Opening "Réti opening"]
[ECO "A04"]
[NIC "QP.11"]
[Time "14:00:49"]
[PlyCount "121"]
[TimeControl "900+3"]

1. Nf3 Nc6 2. g3 Nf6 3. Bg2 e5 4. d3 Bc5 5. O-O O-O 6. Re1 d5 7. Nbd2 Bg4
8. c4 dxc4 9. Nxc4 Bb4 10. Bd2 e4 11. Nfe5 Bxd2 12. Qxd2 exd3 13. Nxg4 Nxg4
14. exd3 Nf6 15. Bxc6 bxc6 16. Re2 Re8 17. Rae1 Rxe2 18. Rxe2 Qd4 19. b4 h6
20. Ne5 Qd5 21. Qc3 Re8 22. d4 Rxe5 23. Rxe5 Qxa2 24. Qxc6 Qb1+ 25. Kg2
Qxb4 26. Qa8+ Kh7 27. Qd8 a5 28. Qxc7 a4 29. Ra5 Qxd4 30. Qxf7 Qe4+ 31. Kf1
Qb1+ 32. Kg2 Qc1 33. Ra7 Qc6+ 34. Kh3 Ne8 35. Qf5+ Kh8 36. Re7 Nf6 37. Rf7
Qd6 38. Qc8+ Kh7 39. Qf5+ Kg8 40. Rxf6 Qxf6 41. Qxf6 gxf6 42. g4 a3 43. f4
a2 44. Kh4 a1=Q 45. h3 Qe1+ 46. Kh5 Qa5+ 47. Kh4 f5 48. gxf5 Qe1+ 49. Kh5
Qf1 50. Kg4 h5+ 51. Kg5 Qxh3 52. f6 Qg4+ 53. Kh6 Qg7+ 54. fxg7 h4 55. f5 h3
56. f6 Kf7 57. Kh7 h2 58. g8=Q+ Kxf6 59. Qd8+ Kf7 60. Qh4 h1=Q 61. Qxh1 {
Black resigns } 1-0

[Event "ICC tourney 2376 (15 3)"]
[Site "Internet Chess Club"]
[Date "2021.02.06"]
[Round "3"]
[White "BryBro"]
[Black "greasyaluminum"]
[Result "1/2-1/2"]
[ICCResult "Game drawn by mutual agreement"]
[WhiteElo "1091"]
[BlackElo "1364"]
[Opening "Hungarian defense"]
[ECO "C50"]
[NIC "IG.03"]
[Time "14:00:31"]
[PlyCount "191"]
[TimeControl "900+3"]

1. e4 e5 2. Nf3 Nc6 3. Bc4 Be7 4. Nc3 Nf6 5. d3 d6 6. Be3 O-O 7. h3 Be6 8.
Bb3 d5 9. exd5 Nxd5 10. Nxd5 Bxd5 11. O-O f6 12. Qd2 Kh8 13. Bxd5 Qxd5 14.
Qc3 Rad8 15. Rad1 a5 16. Rd2 a4 17. a3 b5 18. Rfd1 b4 19. Qc4 bxa3 20. bxa3
Bxa3 21. Qxa4 Bb4 22. Re2 e4 23. Ne1 Ra8 24. Qb3 Qxb3 25. cxb3 Rad8 26. d4
Bxe1 27. Rexe1 f5 28. Bf4 Nxd4 29. Bxc7 Rd7 30. Be5 Rfd8 31. Bxd4 Rxd4 32.
Rxd4 Rxd4 33. Kf1 Kg8 34. Rb1 Kf7 35. Ke2 Ke6 36. Ke3 Rb4 37. Kf4 Kf6 38.
Ke3 Ke5 39. g3 g5 40. f4+ exf3 41. Kxf3 h5 42. Kg2 Ke4 43. Kf2 Kd3 44. Rd1+
Ke4 45. Rb1 f4 46. Re1+ Kf5 47. Rb1 fxg3+ 48. Kxg3 Ke5 49. Re1+ Kd4 50.
Rd1+ Ke3 51. Rd5 h4+ 52. Kg2 Rxb3 53. Rxg5 Rb2+ 54. Kh1 Kf3 55. Rg6 Ra2 56.
Rg5 Kf4 57. Rg8 Re2 58. Rg2 Re3 59. Kh2 Kf3 60. Rg4 Re2+ 61. Kh1 Rf2 62.
Kg1 Rd2 63. Kh1 Rd3 64. Kh2 Rd2+ 65. Kh1 Re2 66. Rg8 Kf2 67. Rg2+ Kf3 68.
Rg4 Rf2 69. Rg8 Re2 70. Rg4 Re3 71. Kh2 Kf2 72. Rxh4 Kf3 73. Rg4 Re2+ 74.
Kh1 Re5 75. Kh2 Rh5 76. Rg8 Re5 77. Rg3+ Kf2 78. h4 Rh5 79. Kh3 Rh6 80. Rg5
Kf3 81. h5 Kf4 82. Kh4 Re6 83. h6 Rxh6+ 84. Rh5 Rg6 85. Kh3 Rg1 86. Kh2 Ra1
87. Rh4+ Kf3 88. Rh3+ Kf2 89. Rg3 Ra5 90. Rg2+ Kf3 91. Kh1 Rh5+ 92. Rh2 Rg5
93. Rh7 Kf2 94. Rh8 Rg1+ 95. Kh2 Rg2+ 96. Kh1 { Game drawn by mutual
agreement } 1/2-1/2

[Event "ICC tourney 2376 (15 3)"]
[Site "Internet Chess Club"]
[Date "2021.02.06"]
[Round "3"]
[White "leonlunachen"]
[Black "Chess-knight"]
[Result "1-0"]
[ICCResult "Black checkmated"]
[WhiteElo "1319"]
[BlackElo "876"]
[Opening "two knights defense: Wilkes Barre (Traxler) variation"]
[ECO "C57"]
[NIC "KP.01"]
[Time "14:00:41"]
[PlyCount "121"]
[TimeControl "900+3"]

1. e4 e5 2. Nf3 Nc6 3. Bc4 Nf6 4. Ng5 Bc5 5. Nxf7 Qe7 6. Nxh8 Bxf2+ 7. Kxf2
Qc5+ 8. Kf1 Qxc4+ 9. d3 Qg8 10. Nc3 Qxh8 11. Qf3 Nd4 12. Qf2 d6 13. h3 Be6
14. Be3 O-O-O 15. Ke1 d5 16. Bxd4 exd4 17. Qxd4 dxe4 18. Qxa7 Kd7 19. Nxe4
Nxe4 20. Qa4+ c6 21. dxe4 Re8 22. Kd2 Qf8 23. Qd4+ Kc8 24. Rhf1 Qe7 25. a3
Rd8 26. c3 c5 27. Qxd8+ Qxd8+ 28. Ke3 Qg5+ 29. Kf2 Qd2+ 30. Kg1 Qg5 31. Kh2
h5 32. b4 h4 33. Rf3 Qe5+ 34. Kh1 Qxe4 35. Raf1 Kc7 36. Rf4 Qd3 37. R4f3
Qc2 38. R1f2 Qc1+ 39. Rf1 Qxa3 40. bxc5 Qxc5 41. Kh2 Qe5+ 42. Kh1 Bc4 43.
Rg1 Bd5 44. Rd3 Qf5 45. Rgd1 Kd6 46. c4 Kc5 47. Rxd5+ Qxd5 48. cxd5 Kd6 49.
Kh2 b5 50. g3 g5 51. gxh4 gxh4 52. Kg2 b4 53. Kf3 Ke5 54. d6 b3 55. d7 b2
56. d8=Q Kf5 57. Qd5+ Kg6 58. Re1 Kg7 59. Qd6 Kg8 60. Qd7 b1=Q 61. Re8# {
Black checkmated } 1-0

[Event "ICC tourney 2376 (15 3)"]
[Site "Internet Chess Club"]
[Date "2021.02.06"]
[Round "3"]
[White "BotanicalKnight"]
[Black "prajit5803"]
[Result "1-0"]
[ICCResult "Black checkmated"]
[WhiteElo "1399"]
[BlackElo "1240"]
[Opening "Sicilian: closed"]
[ECO "B23"]
[NIC "SI.44"]
[Time "14:00:36"]
[PlyCount "171"]
[TimeControl "900+3"]

1. e4 c5 2. Nc3 a6 3. f4 b5 4. a3 Bb7 5. d3 e6 6. Nf3 Ne7 7. g3 d5 8. e5 d4
9. Ne4 Nd5 10. Qe2 Be7 11. Bg2 Qd7 12. O-O Nc6 13. Bd2 Rc8 14. Rac1 Na7 15.
g4 c4 16. dxc4 bxc4 17. Kh1 Qc7 18. Nxd4 Qb6 19. c3 Ba8 20. Rc2 Nc6 21.
Qxc4 Bb7 22. Nxc6 Bxc6 23. f5 Qb7 24. Qe2 exf5 25. gxf5 O-O 26. f6 Bd8 27.
fxg7 Re8 28. Qh5 Nb6 29. Qg4 Re6 30. Nf6+ Bxf6 31. exf6 Rd8 32. Bxc6 Qxc6+
33. Qg2 Qxg2+ 34. Kxg2 Re2+ 35. Rf2 Re6 36. Bg5 Nd5 37. Rcd2 Re5 38. Bh6
Rh5 39. c4 Rxh6 40. Rxd5 Rg6+ 41. Kf1 Re8 42. Re2 Rxf6+ 43. Ke1 Rc8 44.
Red2 Kxg7 45. Rg2+ Kh8 46. Rgd2 Rxc4 47. Rd8+ Kg7 48. Rg2+ Kh6 49. Rdg8
Re4+ 50. Kd2 Rd6+ 51. Kc3 Rh4 52. Rf8 Rf6 53. Rfg8 Rf3+ 54. Kc2 f5 55. Kb1
f4 56. Ra8 Rf1+ 57. Ka2 f3 58. Rxa6+ Kh5 59. Rg7 f2 60. Rxh7+ Kg4 61. Ra4+
Kf3 62. Raxh4 Rg1 63. Rf7+ Kg2 64. Rg4+ Kf1 65. Rxg1+ Kxg1 66. Rxf2 Kxf2
67. Kb3 Kg2 68. Kb4 Kxh2 69. Kb5 Kg3 70. a4 Kf4 71. Kb6 Ke5 72. a5 Kd6 73.
Kb7 Kd7 74. a6 Kd8 75. b4 Kd7 76. b5 Kd8 77. b6 Kd7 78. a7 Kd8 79. a8=Q+
Kd7 80. Qc8+ Kd6 81. Ka7 Kd5 82. b7 Ke4 83. b8=Q Kf3 84. Qb3+ Ke2 85. Qcc2+
Ke1 86. Qbb1# { Black checkmated } 1-0

[Event "ICC tourney 2376 (15 3)"]
[Site "Internet Chess Club"]
[Date "2021.02.06"]
[Round "3"]
[White "nb12"]
[Black "BobbyKnight"]
[Result "1-0"]
[ICCResult "Black checkmated"]
[WhiteElo "1220"]
[BlackElo "1343"]
[Opening "Sicilian"]
[ECO "B56"]
[NIC "SI.25"]
[Time "14:00:31"]
[PlyCount "145"]
[TimeControl "900+3"]

1. e4 c5 2. Nf3 d6 3. d4 cxd4 4. Nxd4 Nc6 5. Nc3 Nf6 6. Bb5 Bd7 7. O-O a6
8. Nxc6 bxc6 9. Bd3 e5 10. f4 Qb6+ 11. Kh1 Ng4 12. f5 Nf2+ 13. Rxf2 Qxf2
14. Bg5 f6 15. Bd2 Qh4 16. Qf3 g6 17. g3 Qh5 18. Qxh5 gxh5 19. Be2 h4 20.
g4 Rb8 21. b3 Rg8 22. Kg2 h5 23. h3 hxg4 24. hxg4 Kf7 25. Be1 Rh8 26. Kh3
Bh6 27. Bf2 Bd2 28. Na4 a5 29. Rd1 Bb4 30. c3 Ba3 31. Nb6 Ke7 32. Nc4 Bc5
33. Bxc5 dxc5 34. Nb2 Rb7 35. Na4 Rd8 36. Nxc5 Ra7 37. Kxh4 Bc8 38. Rxd8
Kxd8 39. g5 Rh7+ 40. Kg4 fxg5 41. Ba6 Bd7 42. Nb7+ Kc7 43. Nc5 Rg7 44. Bc4
Kd6 45. Nb7+ Kc7 46. Nxa5 Kb6 47. b4 c5 48. a3 Bc6 49. Nxc6 Kxc6 50. b5+
Kd6 51. Bd5 Ke7 52. c4 Kf6 53. b6 Rh7 54. b7 Rh4+ 55. Kg3 Rh8 56. a4 Ke7
57. Kg4 Kd6 58. Kxg5 Kc7 59. f6 Kb6 60. Kf5 Ka5 61. Kxe5 Kxa4 62. Ke6 Ka5
63. f7 Kb6 64. Ke7 Rh7 65. Ke8 Rxf7 66. Kxf7 Kc7 67. Ke6 Kb8 68. Kd6 Ka7
69. Kxc5 Kb8 70. Kc6 Ka7 71. Kc7 Ka6 72. b8=Q Ka5 73. Qb5# { Black
checkmated } 1-0

[Event "ICC tourney 2376 (15 3)"]
[Site "Internet Chess Club"]
[Date "2021.02.06"]
[Round "3"]
[White "sanyamsho"]
[Black "Barnstorm"]
[Result "0-1"]
[ICCResult "White checkmated"]
[WhiteElo "858"]
[BlackElo "1233"]
[Opening "Sicilian: closed, 2...Nc6"]
[ECO "B23"]
[NIC "SI.44"]
[Time "14:00:39"]
[PlyCount "76"]
[TimeControl "900+3"]

1. e4 c5 2. Nc3 Nc6 3. Nf3 d6 4. Bb5 a6 5. Bxc6+ bxc6 6. O-O Nf6 7. d4 cxd4
8. Nxd4 Bb7 9. Bf4 e5 10. Nf5 exf4 11. Qf3 c5 12. Qxf4 Be7 13. Nxg7+ Kf8
14. Nf5 Rg8 15. Rfd1 Qd7 16. Qh6+ Ke8 17. Ng7+ Kd8 18. e5 Qc6 19. Qg5 Nd7
20. Qg4 Kc7 21. exd6+ Bxd6 22. Qg5 Kb8 23. Nd5 Ka7 24. Qh5 Rxg7 25. a3 Rag8
26. Kf1 Rxg2 27. Qxh7 Bxh2 28. Qxf7 Qb5+ 29. Rd3 c4 30. Nc7 Qxb2 31. Qxc4
Qxa1+ 32. Ke2 Qe5+ 33. Re3 Qh5+ 34. Kd3 Nc5+ 35. Kd2 Rxf2+ 36. Kc3 Qh8+ 37.
Kb4 Qb2+ 38. Ka5 Qb6# { White checkmated } 0-1

[Event "ICC tourney 2376 (15 3)"]
[Site "Internet Chess Club"]
[Date "2021.02.06"]
[Round "4"]
[White "bwbingyi"]
[Black "advaysoria"]
[Result "0-1"]
[ICCResult "White resigns"]
[WhiteElo "101"]
[BlackElo "660"]
[Opening "Scotch opening"]
[ECO "C44"]
[NIC "KP.10"]
[Time "15:15:20"]
[PlyCount "76"]
[TimeControl "900+3"]

1. e4 e5 2. Nf3 Nc6 3. d4 d6 4. d5 Nce7 5. Bg5 Nf6 6. Bxf6 gxf6 7. Bb5+ Bd7
8. Bxd7+ Qxd7 9. O-O O-O-O 10. Nc3 Kb8 11. h3 Nc8 12. Nd2 Nb6 13. f4 Bh6
14. fxe5 fxe5 15. Qg4 Rhf8 16. Qxd7 Rxd7 17. b3 f5 18. exf5 Rdf7 19. g4
Bxd2 20. Na4 Nxa4 21. bxa4 Bc3 22. Rab1 Bd2 23. Rbd1 Bg5 24. c4 Re8 25. Kg2
e4 26. Rde1 Bd2 27. Re2 e3 28. Kf3 h5 29. g5 Rxf5+ 30. Kg3 Rxf1 31. Kh4
Re4+ 32. Kxh5 Rf2 33. Rxe3 Rxe3 34. g6 Rxh3+ 35. Kg4 Rhh2 36. g7 Rhg2+ 37.
Kh3 Rxg7 38. c5 Rf8 { White resigns } 0-1

[Event "ICC tourney 2376 (15 3)"]
[Site "Internet Chess Club"]
[Date "2021.02.06"]
[Round "4"]
[White "GrayMatter552"]
[Black "colorcolorcolor"]
[Result "1-0"]
[ICCResult "Black checkmated"]
[WhiteElo "945"]
[BlackElo "101"]
[Opening "Scandinavian defense"]
[ECO "B01"]
[NIC "SD.03"]
[Time "15:15:21"]
[PlyCount "43"]
[TimeControl "900+3"]

1. e4 d5 2. exd5 Nf6 3. Nc3 e6 4. dxe6 Bxe6 5. g3 Nc6 6. Nf3 Bb4 7. Bg2
Bxc3 8. bxc3 O-O 9. O-O Bc4 10. d3 Be6 11. Bb2 Re8 12. h3 Qd6 13. Kh2 Rad8
14. Rg1 Ne5 15. Nxe5 Qxe5 16. d4 Qd6 17. Bxb7 Nh5 18. Qxh5 g6 19. Qh6 Rb8
20. d5 Bxd5 21. c4 Bxb7 22. Qg7# { Black checkmated } 1-0

[Event "ICC tourney 2376 (15 3)"]
[Site "Internet Chess Club"]
[Date "2021.02.06"]
[Round "4"]
[White "BobbyKnight"]
[Black "BryBro"]
[Result "1-0"]
[ICCResult "Black checkmated"]
[WhiteElo "1343"]
[BlackElo "1091"]
[Opening "Danish gambit"]
[ECO "C21"]
[NIC "KP.04"]
[Time "15:15:21"]
[PlyCount "49"]
[TimeControl "900+3"]

1. e4 e5 2. d4 exd4 3. c3 dxc3 4. Bc4 Nf6 5. Nxc3 Bb4 6. Qb3 Bxc3+ 7. bxc3
O-O 8. Bg5 h6 9. Bh4 Re8 10. Bxf7+ Kh8 11. Bxe8 Qxe8 12. Bxf6 Qxe4+ 13. Ne2
Qxg2 14. Rg1 Qc6 15. Bxg7+ Kh7 16. Qc2+ Kg8 17. Bxh6+ Kf7 18. Rg7+ Ke6 19.
Nd4+ Kd5 20. Nxc6 dxc6 21. Rd1+ Ke6 22. Qe4+ Kf6 23. Qg6+ Ke5 24. Re7+ Be6
25. Rxe6# { Black checkmated } 1-0

[Event "ICC tourney 2376 (15 3)"]
[Site "Internet Chess Club"]
[Date "2021.02.06"]
[Round "4"]
[White "shrishri"]
[Black "champ201566139"]
[Result "1-0"]
[ICCResult "Black checkmated"]
[WhiteElo "400"]
[BlackElo "264"]
[Opening "QP counter-gambit (elephant gambit)"]
[ECO "C40"]
[NIC "KP.10"]
[Time "15:15:32"]
[PlyCount "59"]
[TimeControl "900+3"]

1. e4 e5 2. Nf3 d5 3. exd5 Qxd5 4. Nc3 Qd8 5. Nxe5 Bd6 6. d4 c5 7. Be3 cxd4
8. Bxd4 Bxe5 9. Bxe5 f6 10. Bxb8 Rxb8 11. Qxd8+ Kxd8 12. Bc4 Bg4 13. O-O
Be2 14. Nxe2 Rc8 15. Bb3 Rc5 16. Rad1+ Ke8 17. Rd2 Ne7 18. Rfd1 Nf5 19.
Rd8+ Ke7 20. Rxh8 Ra5 21. Rxh7 Nd6 22. Rxg7+ Kf8 23. Rg6 b6 24. Rxf6+ Kg7
25. Rdxd6 Rxa2 26. Bxa2 a5 27. Rxb6 a4 28. Rfd6 a3 29. Rb7+ Kh8 30. Rd8# {
Black checkmated } 1-0

[Event "ICC tourney 2376 (15 3)"]
[Site "Internet Chess Club"]
[Date "2021.02.06"]
[Round "4"]
[White "trosen27"]
[Black "Jake000"]
[Result "1-0"]
[ICCResult "Black resigns"]
[WhiteElo "1380"]
[BlackElo "759"]
[Opening "Vienna game"]
[ECO "C28"]
[NIC "VG.04"]
[Time "15:15:24"]
[PlyCount "45"]
[TimeControl "900+3"]

1. e4 e5 2. Nc3 Nc6 3. Bc4 Nf6 4. a3 Bc5 5. d3 h6 6. Nf3 d6 7. Bd2 Bg4 8.
h3 Bh5 9. g4 Bxg4 10. hxg4 Nxg4 11. Be3 Bxe3 12. fxe3 Nxe3 13. Qe2 Nxc4 14.
dxc4 Nd4 15. Nxd4 exd4 16. Nd5 c5 17. O-O-O Qg5+ 18. Kb1 O-O-O 19. Qf2 Rdf8
20. Qf5+ Qxf5 21. exf5 g5 22. fxg6 Rhg8 23. Rxh6 { Black resigns } 1-0

[Event "ICC tourney 2376 (15 3)"]
[Site "Internet Chess Club"]
[Date "2021.02.06"]
[Round "4"]
[White "SlickSmith"]
[Black "Elin123"]
[Result "0-1"]
[ICCResult "White resigns"]
[WhiteElo "1316"]
[BlackElo "917"]
[Opening "French: Tarrasch, closed variation"]
[ECO "C05"]
[NIC "FR.14"]
[Time "15:15:23"]
[PlyCount "40"]
[TimeControl "900+3"]

1. d4 e6 2. e4 d5 3. Nd2 Nf6 4. exd5 exd5 5. Ngf3 Nc6 6. Bd3 Bg4 7. c3 Bd6
8. O-O O-O 9. h3 Bh5 10. Qb3 b6 11. Qd1 Qd7 12. Re1 Rfe8 13. Nf1 Rxe1 14.
Qxe1 Bxf3 15. gxf3 Qxh3 16. Ng3 Re8 17. Be3 Bxg3 18. fxg3 Nh5 19. g4 Nf4
20. Qf2 Nxd3 { White resigns } 0-1

[Event "ICC tourney 2376 (15 3)"]
[Site "Internet Chess Club"]
[Date "2021.02.06"]
[Round "4"]
[White "anseltrinidad"]
[Black "Kokosnuss1000"]
[Result "1-0"]
[ICCResult "Black resigns"]
[WhiteElo "1364"]
[BlackElo "1144"]
[Opening "Ruy Lopez: exchange variation"]
[ECO "C68"]
[NIC "RL.08"]
[Time "15:15:17"]
[PlyCount "79"]
[TimeControl "900+3"]

1. e4 e5 2. Nf3 Nc6 3. Bb5 a6 4. Bxc6 dxc6 5. Nxe5 Qd4 6. Nf3 Qxe4+ 7. Qe2
Qxe2+ 8. Kxe2 Nf6 9. d3 Bc5 10. Bg5 Be7 11. Nc3 O-O 12. Rhe1 Re8 13. Kf1 h6
14. Bxf6 gxf6 15. Re2 Be6 16. Rae1 Bb4 17. a3 Bc5 18. Ne4 Bd6 19. Nxd6 cxd6
20. Nd4 Bd7 21. Rxe8+ Rxe8 22. Rxe8+ Bxe8 23. Ke2 c5 24. Nf5 Kh7 25. Nxd6
Bc6 26. f3 Kg6 27. Ke3 f5 28. Kf4 Bd7 29. Nxb7 f6 30. Nxc5 Bb5 31. Nb7 Bc6
32. Nd6 Bd7 33. b3 a5 34. b4 axb4 35. axb4 Ba4 36. c3 Bc2 37. d4 h5 38. b5
Bb3 39. b6 Bd5 40. b7 { Black resigns } 1-0

[Event "ICC tourney 2376 (15 3)"]
[Site "Internet Chess Club"]
[Date "2021.02.06"]
[Round "4"]
[White "brass60Six"]
[Black "PokeyTurtle3454"]
[Result "1-0"]
[ICCResult "Black resigns"]
[WhiteElo "1146"]
[BlackElo "598"]
[Opening "QGA: 3.e4"]
[ECO "D20"]
[NIC "QG.04"]
[Time "15:15:34"]
[PlyCount "63"]
[TimeControl "900+3"]

1. d4 d5 2. c4 dxc4 3. e4 Be6 4. Nc3 c6 5. Nf3 Nf6 6. Bg5 Nbd7 7. Be2 Qb6
8. Rb1 Qa5 9. O-O c5 10. d5 Bg4 11. h3 Bh5 12. Bxc4 O-O-O 13. Bd2 Qb4 14.
Bd3 e6 15. Ne2 Qb6 16. Nf4 Bxf3 17. Qxf3 exd5 18. exd5 Nb8 19. Bf5+ Nbd7
20. Qb3 Qxb3 21. axb3 g6 22. Bg4 Kc7 23. Bc3 Bg7 24. Bf3 Nb6 25. Be5+ Kc8
26. Rfd1 h5 27. Rbc1 Nbd7 28. Bc3 b5 29. Bb4 Bf8 30. d6 Ne8 31. Bxc5 a6 32.
Bb6+ { Black resigns } 1-0

[Event "ICC tourney 2376 (15 3)"]
[Site "Internet Chess Club"]
[Date "2021.02.06"]
[Round "4"]
[White "Charris626"]
[Black "JackDarden"]
[Result "1-0"]
[ICCResult "Black checkmated"]
[WhiteElo "1001"]
[BlackElo "360"]
[Opening "Three knights game"]
[ECO "C46"]
[NIC "KP.06"]
[Time "15:15:19"]
[PlyCount "67"]
[TimeControl "900+3"]

1. e4 e5 2. Nf3 Nc6 3. Nc3 d6 4. Bb5 Be6 5. d4 Bd7 6. Bxc6 Bxc6 7. d5 Bd7
8. O-O Be7 9. h3 Nf6 10. Bg5 O-O 11. Qd2 h6 12. Bxf6 Bxf6 13. b3 c6 14.
dxc6 Bxc6 15. Nd5 Bb5 16. c4 Bc6 17. Rad1 g5 18. Nxf6+ Qxf6 19. Qxd6 Qxd6
20. Rxd6 Bxe4 21. Nxe5 Rfe8 22. Nd7 Re6 23. Nf6+ Kg7 24. Rxe6 fxe6 25. Nxe4
Rd8 26. Re1 e5 27. Nc5 Rc8 28. Nxb7 Kf6 29. Nd6 Rd8 30. Ne4+ Kf5 31. c5 Rd4
32. Nd6+ Kf4 33. g3+ Kf3 34. Re3# { Black checkmated } 1-0